 Dungeon Crawl Stone Soup version 0.30-a0-862-g1aabd4f9c5 (webtiles) character file.

Game seed: 9263427200454300999

1101 dolemite99 the Magician (level 8, -2/58 HPs)
             Began as a Djinni Conjurer on Mar 9, 2023.
             Slain by a vampire (6 damage)
             ... on level 5 of the Dungeon.
             The game lasted 00:10:00 (7200 turns).

dolemite99 the Magician (Djinni Conjurer)           Turns: 7200, Time: 00:10:01

Health: -2/58      AC:  5    Str:  6    XL:     8   Next: 58%
Gold:   280        EV: 12    Int: 21    God:
                   SH:  0    Dex: 13

rFire   + + .      SeeInvis .    d - +0 long sword
rCold   x . .      Faith    .    (no shield)
rNeg    . . .      Spirit   .    a - +1 robe
rPois   ∞          Reflect  .    (no helmet)
rElec   .          Rampage  .    (no cloak)
rCorr   .                        x - +0 pair of gloves
Will    .....                    (boots unavailable)
Stlth   +++                      (no amulet)
HPRegen 0.29/turn                (no ring)
MPRegen 0.00/turn                (no ring)

@: flying, invisible
A: sickness immunity, fire resistance 2, cold vulnerability 1, float, innate
caster, HP casting, extra vitality 1, camouflage 1, shaggy fur 1, MP-powered
wands
a: no special abilities


You were on level 5 of the Dungeon.
You visited 1 branch of the dungeon, and saw 6 of its levels.

You collected 280 gold pieces.

Inventory:

Hand Weapons
 d - a +0 long sword (weapon)
 i - a +0 trident
 k - a +0 bardiche
 q - the +6 shillelagh "Devastator" {shatter}
   (You found it on level 4 of the Dungeon)
Missiles
 f - 14 poisoned darts
Armour
 a - a +1 robe (worn)
 x - a +0 pair of gloves (worn)
Magical Staves
 o - a staff of fire
Jewellery
 b - a +6 ring of dexterity
 c - a ring of fire
Scrolls
 g - 2 scrolls of teleportation
 v - a scroll of enchant armour
Potions
 e - 2 potions of resistance
 h - a potion of haste {unknown}
 l - 2 potions of invisibility
 n - a potion of attraction {unknown}
 p - a potion of berserk rage
 r - a potion of curing {unknown}
 s - a potion of mutation
 t - a potion of degeneration {unknown}
 w - a potion of lignification {unknown}


   Skills:
 + Level 4.9 Fighting
 - Level 2.1 Dodging
 - Level 1.5 Stealth
 - Level 7.0 Spellcasting


You knew the following spells:

 Your Spells              Type           Power      Damage    Failure   Level
a - Magic Dart            Conj           100%       1d8       1%          1
b - Shock                 Conj/Air       100%       1d9       1%          1
c - Scorch                Fire           74%        2d9       1%          2
d - Fulminant Prism       Conj/Hex       18%        3d11      4%          4
e - Iskenderun's Mystic   Conj/Tloc      37%        2d9       4%          4
f - Dazzling Flash        Conj/Hex       74%        N/A       1%          3
g - Momentum Strike       Conj/Tloc      74%        3d10      1%          2
h - Searing Ray           Conj           74%        2d7       1%          2
Your spell library was empty.

Dungeon Overview and Level Annotations

Branches:
Dungeon (6/15)
 Temple: D:4-7

Altars:
Elyvilon
Fedhas
Okawaru
Ru
The Shining One

Annotations:
D:4 exclusion: downstairs
D:6 exclusion: upstairs


Innate Abilities, Weirdness & Mutations

You are immune to sickness and miasma.
You are immune to poison.
Your flesh is very heat resistant. (rF++)
You are vulnerable to cold. (rC-)
You float through the air rather than walking.
You learn spells naturally, not from books.
Your magical power is your life essence.
You have superior vitality. (+4 MHP)
Your skin changes colour to match your surroundings (Stealth+).
You are covered in fur. (AC +1)
You expend health (3 HP) to strengthen your wands.


Message History

Confirm with . or Enter, or press ? or * to list all spells.
Flames lash the phantom.
The phantom is burned terribly!
The phantom is almost destroyed.
You hear some strange, mumbled words.
Something tries to affect you, but you resist.
The phantom hits you.
The phantom blinks!
You blink.
The orc zaps a wand.
You struggle to resist.
The phantom attacks as you move away! The phantom hits you. Something hits you.
Something bites you. The orc hits you with a +0 trident.
The phantom attacks as you move away! The phantom hits you.
* * * LOW HITPOINT WARNING * * *
You feel much better. Something hits you!
Something bites you but does no damage. The phantom barely misses you.
The orc misses you.
You fade into invisibility!
Something hits you! Something bites you! The phantom barely misses you.
The orc closely misses you. Something hits you. Something bites you.
The orc zaps a wand.
Something's mind is blasted.
Found a book of Alchemy.
You see here a +0 spear.
Okay, then.
Casting: Scorch (safe; 1% risk of failure)
Confirm with . or Enter, or press ? or * to list all spells.
Aiming: Magic Dart (safe; 1% risk of failure)
Press: ? - help, Shift-Dir - straight line, f - phantom
Aim: a phantom (almost destroyed, unable to see you, more vulnerable to fire, 100% to hit)
The magic dart hits something.
* * * LOW HITPOINT WARNING * * *
Something hits you!
* * * LOW HITPOINT WARNING * * *
Something bites you!
* * * LOW HITPOINT WARNING * * *
It was a potion of mutation.
You feel extremely strange.
You feel your magical essence link to the dungeon's wands.
Fur sprouts all over your body.
Your skin functions as natural camouflage.
Something hits you but does no damage. Something bites you but does no damage.
Something hits you.
You die...

..................?....
##.......$..............
........................
..##....................
.. .....................
.......####.#...........
. ...####...............
..(####.#.##W)........
..s.#...#>##.#@...:...
$(........##W###......
..........#o.# .....
............### ......
..............#.......
..........#.#.........
............###.......
#########..## .....
#....# ....


You could see a phantom (unable to see you, combustible).

Vanquished Creatures
  Sigmund (D:4)
  A yak (D:5)
  An ice beast (D:4)
  2 ogres (D:4)
  A scorpion (D:5)
  A howler monkey (D:4)
  3 hounds
  A jelly (D:5)
  3 iguanas
  2 sleepcaps
  8 adders
  A shadow imp (D:5)
  2 ufetubi (D:4)
  5 worms
  12 orcs
  11 endoplasms
  3 giant cockroaches
  4 goblins
  4 hobgoblins
  4 quokkas
  9 ball pythons
  3 bats
  5 frilled lizards
  6 kobolds
  3 rats
96 creatures vanquished.

Vanquished Creatures (others)
  6 fulminant prisms
6 creatures vanquished.

Grand Total: 102 creatures vanquished

Notes
Turn   | Place    | Note
-------+----------+-------------------------------------------
     0 | D:1      | dolemite99 the Djinni Conjurer began the quest for the Orb.
     0 | D:1      | dolemite99 set off with the following spells memorised:
                  | Magic Dart, Searing Ray, Dazzling Flash, Fulminant Prism,
                  | Iskenderun's Mystic Blast.
     0 | D:1      | Reached XP level 1. HP: 15/15 MP: 0/0
    83 | D:1      | Reached XP level 2. HP: 19/21 MP: 0/0
   100 | D:1      | Found a faded altar of an unknown god.
   548 | D:1      | Reached XP level 3. HP: 24/25 MP: 0/0
   548 | D:1      | Learned a level 1 spell: Shock
   887 | D:2      | Reached skill level 4 in Spellcasting
  1581 | D:2      | Reached XP level 4. HP: 26/31 MP: 0/0
  2604 | D:3      | Found an iron altar of Okawaru.
  2833 | D:3      | Reached XP level 5. HP: 21/35 MP: 0/0
  2833 | D:3      | Learned a level 2 spell: Momentum Strike
  3243 | D:3      | Found a white marble altar of Elyvilon.
  3244 | D:3      | Found a sacrificial altar of Ru.
  3320 | D:3      | Identified the +1 leather armour "Ibyxtis" {rElec Slay+4}
  3358 | D:3      | Reached skill level 5 in Spellcasting
  3829 | D:4      | Found a blossoming altar of Fedhas.
  3829 | D:4      | Noticed Sigmund
  4276 | D:4      | Reached XP level 6. HP: 36/40 MP: 0/0
  4359 | D:4      | Killed Sigmund
  4360 | D:4      | Reached skill level 6 in Spellcasting
  4360 | D:4      | Reached XP level 7. HP: 33/45 MP: 0/0
  4360 | D:4      | Learned a level 2 spell: Scorch
  4736 | D:4      | Found a glowing golden altar of the Shining One.
  5293 | D:4      | Found the +6 shillelagh "Devastator" {shatter}
  5425 | D:5      | Entered Level 5 of the Dungeon
  5436 | D:5      | Reached skill level 7 in Spellcasting
  5450 | D:5      | Reached skill level 1 in Fighting
  5450 | D:5      | Reached XP level 8. HP: 27/52 MP: 0/0
  5907 | D:5      | Noticed a yak
  5907 | D:5      | Noticed a yak
  5925 | D:5      | Killed a yak
  6219 | D:5      | Noticed a yak
  6219 | D:5      | Noticed a yak
  6561 | D:5      | Noticed a vampire
  6561 | D:5      | Noticed a yak
  6561 | D:5      | Noticed a yak
  7106 | D:5      | Identified the ring "Bapisew" {Will+ rCorr Str+3 Slay+4}
  7199 | D:5      | Gained mutation: You expend health (3 HP) to strengthen
                  | your wands. [potion of mutation]
  7199 | D:5      | Gained mutation: You are covered in fur. (AC +1) [potion of
                  | mutation]
  7199 | D:5      | Gained mutation: Your skin changes colour to match your
                  | surroundings (Stealth+). [potion of mutation]
  7200 | D:5      | Slain by a vampire

Illustrated notes

Levels and vault maps discovered:
D:1:      nzn_arrival_water_spiral, layout_basic,
          dreamdust_ecumenical_altar_statues, grunt_decor_one_mirror
D:2:      layout_basic, chequers_serial_rivers_micro_c
D:3:      layout_loops_corners, amcnicky_altar_gilded,
          gammafunk_temple_overflow_statue, minivault_4, serial_park_tiny_pond
D:4:      layout_rooms, mainiacjoe_overflow_concentric_impassable, tso_altar,
          dilly_guarded_unrand_devastator, uniq_sigmund
D:5:      layout_rooms, minmay_manual_monstrance
D:6:      layout_rooms, minmay_temple_entry_mini_moons, minivault_23,
          uniq_maggie, uniq_prince_ribbit1

Skill      XL: |  1  2  3  4  5  6  7  8 |
---------------+-------------------------+-----
Spellcasting   | 4 5 6 7 |  7.0
Fighting       | 1 4 |  4.9
Dodging        | |  2.1
Stealth        | |  1.5

Action                     |  1- 3 |  4- 6 |  7- 9 || total
---------------------------+-------+-------+-------++-------
  Melee: Long sword        |     1 |     7 |     1 ||     9
         Punch             |       |       |     1 ||     1
   Cast: Magic Dart        |    40 |    59 |    23 ||   122
         Shock             |    32 |       |       ||    32
         Searing Ray       |     1 |    14 |       ||    15
         Fulminant Prism   |       |     1 |     5 ||     6
         Scorch            |       |       |    40 ||    40
    Use: Scroll            |       |     1 |    10 ||    11
         Potion            |       |       |     5 ||     5
 Armour: Robe              |     7 |     4 |     7 ||    18
  Dodge: Dodged            |    25 |    20 |    30 ||    75

Table legend: (Time is in decaauts)
 A = Elapsed time spent in this place.
 B = Non-inter-level travel time spent in this place.
 C = Inter-level travel time spent in this place.
 D = Time resting spent in this place.
 E = Time spent auto-exploring this place.
 F = Levels seen in this place.
 G = Mean time per level.
                   A        B        C        D        E       F      G
               +--------+--------+--------+--------+--------+-----+--------+
         Total |   7208 |   6988 |    220 |   3464 |   2500 |   6 | 1201.3 |
       Dungeon |   7208 |   6988 |    220 |   3464 |   2500 |   6 | 1201.3 |
               +--------+--------+--------+--------+--------+-----+--------+

Top non-repeatable levels by time:
     D:4: 2530 daAuts
     D:3: 1734 daAuts
     D:2: 1434 daAuts
     D:1: 881 daAuts
     D:5: 567 daAuts
     D:6: 60 daAuts
